 Dungeon Crawl Stone Soup version 0.24.0-37-gcf1ca852f1 (webtiles) character file.

Game seed: 13138672950315510924, levelgen mode: deterministic

226480 Amplified the Brawler (level 19, -2/182 HPs)
             Began as a Troll Fighter on Nov 22, 2019.
             Was a Priest of Cheibriados.
             Slain by a merfolk javelineer
             ... wielding a +0 spear
              (5 damage)
             ... on level 4 of the Shoals on Nov 23, 2019.
             The game lasted 01:13:04 (32014 turns).

Amplified the Brawler (Troll Fighter)              Turns: 32014, Time: 01:13:04

Health: -2/182     AC: 13    Str: 35    XL:     19   Next: 2%
Magic:  30/30      EV: 11    Int: 20    God:    Cheibriados [***...]
Gold:   1566       SH: 15    Dex: 15    Spells: 9/34 levels left

rFire    + . .     SeeInvis .     - Unarmed
rCold    + . .     Gourm    +   H - +2 shield {AC+3}
rNeg     . . .     Faith    .   M - +2 robe "Tuusazez" {rElec Int+4}
rPois    +         Spirit   .   y - +2 hat
rElec    +         Reflect  .   W - scarf {rC+ rF+}
rCorr    .         Harm     .   (gloves unavailable)
MR       +....                  (boots unavailable)
Stlth    +++.......             K - amulet of the acrobat
HPRegen  0.80/turn              j - +4 ring of slaying
MPRegen  0.22/turn              h - ring of poison resistance

@: lethally poisoned (-2 -> -2), very slightly contaminated, very slow
A: large, unfitting armour, claws 3, fast metabolism 3, gourmand, regeneration
1, shaggy fur 1, tough skin 3
a: Bend Time, Temporal Distortion, Renounce Religion


You were on level 4 of the Shoals.
You worshipped Cheibriados.
Cheibriados was most pleased with you.
You were not hungry.

You visited 7 branches of the dungeon, and saw 33 of its levels.
You also visited: Ossuary, Gauntlet and Ice Cave.

You collected 3267 gold pieces.
You spent 1701 gold pieces at shops.

Inventory:

Hand Weapons
 e - the +10 dagger of Muog {pain, +Rage rPois Str-4 Stlth+}
   (You took it off an orc wizard on level 4 of the Dungeon)

   In the hands of one skilled in necromantic magic, it inflicts extra damage on
   living creatures.
   It affects your strength (-4).
   It protects you from poison.
   It lets you go berserk.
   It makes you more stealthy.
 r - the +11 arbalest "Ofoap" {elec, rElec rC- Dex+2}
   (You bought it in a shop on level 2 of the Orcish Mines)

   It charges the ammunition it shoots with electricity; occasionally upon a
   hit, such missiles may discharge and cause terrible harm.
   It affects your dexterity (+2).
   It makes you vulnerable to cold.
   It insulates you from electricity.
 S - a +2 eveningstar of freezing
Missiles
 i - 82 poisoned darts
 q - 41 javelins
 t - 13 curare-tipped darts (quivered)
 u - 4 throwing nets
 O - 276 bolts
Armour
 x - a +2 cloak of poison resistance
 y - a +2 hat (worn)
 G - the quicksilver dragon scales "Afaiw" {-Cast rC+ MR+ Str+9}
   (You took it off a minotaur in a Gauntlet)

   It affects your strength (+9).
   It protects you from cold.
   It affects your resistance to hostile enchantments.
   It prevents spellcasting.
 H - a +2 shield of protection (worn)
 M - the +2 robe "Tuusazez" (worn) {rElec Int+4}
   (You found it in a Gauntlet)

   It affects your intelligence (+4).
   It insulates you from electricity.
 W - a scarf of resistance (worn)
 Y - a +0 cloak of cold resistance
Jewellery
 b - the ring of Xulo {Ice +Inv MR- Str+5}
   (You found it in an ice cave)

   [ring of ice]

   It enhances your ice magic.
   It affects your strength (+5).
   It makes you vulnerable to fire.
   It protects you from cold.
   It affects your resistance to hostile enchantments.
   It lets you turn invisible.
 h - a ring of poison resistance (right claw)
 j - a +4 ring of slaying (left claw)
 n - an uncursed ring of resist corrosion
 p - the ring of Temperance {Fire Int+2}
   (You found it in a Gauntlet)

   [ring of fire]

   It enhances your fire magic.
   It affects your intelligence (+2).
   It protects you from fire.
   It makes you vulnerable to cold.
 w - an uncursed ring of flight
 B - the ring of Riar {+Fly MR+ Int+2}
   (You found it on level 6 of the Dungeon)

   [ring of flight]

   It affects your intelligence (+2).
   It affects your resistance to hostile enchantments.
   It lets you fly.
 F - an uncursed ring of ice
 K - an amulet of the acrobat (around neck)
Wands
 v - a wand of flame (34)
 z - a wand of paralysis (22)
 E - a wand of iceblast (19)
 N - a wand of disintegration (33)
Scrolls
 a - 9 scrolls of identify
 c - 11 scrolls of remove curse
 f - 6 scrolls of immolation
 o - 11 scrolls of teleportation
 s - 5 scrolls of enchant weapon
 I - 2 scrolls of amnesia
 L - a scroll of fog
 Q - 2 scrolls of holy word
 V - a scroll of magic mapping
Potions
 g - 3 potions of magic
 k - 4 potions of lignification
 l - 4 potions of cancellation
 m - a potion of curing
 A - 6 potions of brilliance
 C - 5 potions of mutation
 P - a potion of flight
 T - a potion of resistance
 U - 4 potions of agility
Miscellaneous
 D - a lamp of fire (inert)
 J - a lightning rod (4/4)
Comestibles
 d - 41 rations


   Skills:
 - Level 10.2 Fighting
 - Level 3.4 Armour
 - Level 3.7 Dodging
 - Level 4.9 Stealth
 - Level 9.5 Shields
 - Level 15.4 Unarmed Combat
 * Level 8.0 Spellcasting
 * Level 9.3 Conjurations
 * Level 11.3 Earth Magic
 - Level 10.2 Invocations


You had 9 spell levels left.
You knew the following spells:

 Your Spells              Type           Power        Failure   Level  Hunger
a - Blink                 Tloc           N/A          13%         2    None
b - Mephitic Cloud        Conj/Pois/Air  ###.....     7%          3    None
c - Confusing Touch       Hex            #.....       9%          1    None
d - Iron Shot             Conj/Erth      #####.....   19%         6    ######.
e - Shatter               Erth           ######....   100%        9    #######
f - Leda's Liquefaction   Hex/Erth       ####......   9%          4    ###....

Your spell library contained the following spells:

 Spells                   Type           Power        Failure   Level  Hunger
 Magic Dart               Conj           ####         1%          1    None
 Shock                    Conj/Air       ####         1%          1    None
 Searing Ray              Conj           #####.       1%          2    None
 Iskenderun's Mystic Bla  Conj           #####...     1%          4    ###....
 Conjure Flame            Conj/Fire      ####....     3%          3    None
 Dazzling Spray           Conj/Hex       ####..       3%          3    None
 Static Discharge         Conj/Air       ####....     3%          3    None
 Animate Skeleton         Necr           N/A          9%          1    None
 Apportation              Tloc           #.....       9%          1    None
 Beastly Appendage        Tmut           #.....       9%          1    None
 Summon Small Mammal      Summ           #...         9%          1    None
 Force Lance              Conj/Tloc      ####....     12%         4    ###....
 Fulminant Prism          Conj/Hex       ####......   12%         4    ###....
 Call Imp                 Summ           #.......     13%         2    None
 Slow                     Hex            #.......     13%         2    None
 Sticks to Snakes         Tmut           #.......     13%         2    None
 Swiftness                Chrm/Air       #.......     13%         2    None
 Bolt of Magma            Conj/Fire/Erth #####.....   14%         5    #####..
 Recall                   Summ/Tloc      N/A          26%         3    None
 Spider Form              Tmut/Pois      #.........   26%         3    None
 Lightning Bolt           Conj/Air       ####......   34%         5    #####..
 Airstrike                Air            #.........   63%         4    ###....
 Ice Form                 Ice/Tmut       #.......     63%         4    ###....
 Summon Ice Beast         Ice/Summ       #.......     63%         4    ###....
 Statue Form              Tmut/Erth      ####.....    77%         6    ######.
 Agony                    Necr           #.......     93%         5    #####..
 Aura of Abjuration       Summ           #.........   93%         5    #####..
 Blade Hands              Tmut           #.........   93%         5    #####..
 Dispel Undead            Necr           #.......     93%         5    #####..
 Summon Demon             Summ           #.........   93%         5    #####..
 Summon Forest            Summ/Tloc      #.........   93%         5    #####..
 Summon Mana Viper        Hex/Summ       #.......     93%         5    #####..
 Freezing Cloud           Conj/Ice/Air   ###.......   98%         6    ######.
 Ozocubu's Refrigeration  Ice            #.........   100%        6    ######.
 Shadow Creatures         Summ           N/A          100%        6    ######.


Dungeon Overview and Level Annotations

Branches:
Dungeon (15/15)            Temple (1/1) D:5            Lair (6/6) D:8
 Shoals (4/4) Lair:4        Snake (2/4) Lair:4        Slime (0/5) Lair:6
    Orc (2/2) D:11            Elf (3/3) Orc:2        Vaults (0/5) D:14
 Depths (0/5) D:15        Ossuary (visited)           IceCv (visited)
Gauntlet (visited)

Altars:
Ashenzari
Cheibriados
Dithmenos
Elyvilon
Fedhas
Gozag
Hepliaklqana
Kikubaaqudgha
Makhleb
Nemelex Xobeh
Okawaru
Qazlal
Ru
Sif Muna
Trog
Uskayaw
Vehumet
Wu Jian
Xom
Yredelemnul
Zin
The Shining One
Beogh
Jiyva

Shops:
D:10 *   Orc:2 :*[(   Elf:1 ???*   Elf:2 }==   Shoals:1 (   Shoals:2 :

Annotations:
D:7 exclusion: oklob plant
Lair:1 Setup spells to deset speed deficient
Shoals:1 Consider change of plans, Frances
Orc:1 Crowded below
Orc:2 Arbalest, Spells or Sloucher.
Elf:2 Donald


Innate Abilities, Weirdness & Mutations

You are too large for most types of armour.
You have claws for hands.
Your metabolism is lightning-fast.
You like to eat raw meat.
Your natural rate of healing is unusually fast.
You are covered in fur. (AC +1)
You have extremely tough skin. (AC +3)


Message History

The merfolk impaler is heavily wounded.
You block the merfolk javelineer's attack.
The merfolk impaler hits you with a +5 demon trident of venom!!
* * * LOW HITPOINT WARNING * * *
Unknown command.
You mangle the merfolk impaler!!
The merfolk impaler is almost dead.
The merfolk impaler hits you but does no damage.
You are poisoned.
The merfolk javelineer hits you from afar with a +0 spear.
* * * LOW HITPOINT WARNING * * *
Unknown command.
You claw the merfolk impaler!
The merfolk impaler is almost dead.
You feel sick. You block the merfolk impaler's attack.
Unknown command.
You miss the merfolk impaler.
The merfolk impaler is almost dead.
The merfolk javelineer hits you from afar with a +0 spear.
You die...

.......≈≈≈≈≈≈≈PP.≈≈≈,≈≈≈,,≈,,,≈≈≈
.≈≈≈≈≈≈≈≈≈≈≈≈≈≈P.,,,,,,,,,≈,,,≈≈≈
≈≈≈≈≈≈≈≈≈≈≈≈≈≈PP.,,,,≈,,,,≈,≈≈≈≈≈
≈≈≈≈≈≈≈≈≈≈≈≈≈≈≈≈≈,<,,**,,,,,,,,≈≈
≈≈≈≈≈≈≈≈≈≈≈≈≈≈≈≈≈,,,**,,,,,,,,,≈≈
≈≈≈≈≈≈≈≈≈≈≈#######,,,,,,,,,,,,,≈≈
≈≈≈....≈≈<##≈§§§≈##,,,,,,≈,,,,≈≈≈
≈≈.......##≈§§§§#m##,,,,,≈,,,,≈≈≈
≈≈.......#≈..§m§@#≈#,,,,,≈,,,≈≈≈≈
≈.......≈#..#§#§§§≈#,,,,,,,≈≈≈≈≈≈
≈≈.....<≈#..≈≈##§§≈#≈,,,,,,≈≈≈≈≈≈
≈≈≈......#...≈≈≈≈.≈#,≈,,,,,,≈≈≈≈≈
##≈......#.#.(≈#..≈#,≈≈,,,,,,≈≈≈≈
≈##$....)m#)#....≈##,,≈,,*,,,,≈≈≈
,≈##......(#....≈##,≈≈≈≈,,,,,≈≈≈≈
,,≈#......).######,,≈≈≈≈≈,,,,≈≈≈≈
*,,#............,,,≈≈≈≈≈≈≈≈≈≈≈≈≈≈


You could see a merfolk impaler and a merfolk javelineer.

Vanquished Creatures
  Rupert (D:13)
  Agnes (D:14)
  An orc warlord (Orc:1)
  A minotaur (Gauntlet)
  A deep elf demonologist (Elf:1)
  Snorg (Lair:6)
  2 blizzard demons (IceCv)
  2 merfolk javelineers
  An ettin (Orc:2)
  2 fire dragons
  A merfolk impaler (Shoals:1)
  5 naga warriors (Snake:1)
  An ice dragon (Lair:6)
  9 hydras
  4 anacondas (Snake:1)
  2 merfolk aquamancers (Shoals:2)
  A satyr (Shoals:3)
  2 merfolk avatars
  4 centaur warriors
  10 dancing weapons
  12 death yaks
  14 two-headed ogres
  3 ogre magi
  A tengu warrior (D:15)
  A hell hog (Gauntlet)
  4 naga sharpshooters (Snake:1)
  An orc high priest (Orc:1)
  Sonja (D:10)
  Urug (D:13)
  7 deep elf knights
  2 fire crabs
  8 skeletal warriors
  9 sea snakes
  A flayed ghost (D:13)
  A death drake (Gauntlet)
  A naga ritualist (Snake:1)
  2 unseen horrors
  A swamp dragon (Lair:6)
  8 deep elf archers
  A necromancer (D:14)
  5 mana vipers (Snake:1)
  An orange crystal statue (Elf:1)
  5 harpies
  2 lindwurms (Lair:6)
  5 ugly things
  2 oklob plants (Lair:3)
  4 orc knights
  4 orc sorcerers
  2 salamanders (Snake:1)
  29 deep elf magi
  11 fauns
  5 cyclopes
  7 manticores
  4 centaur zombies
  An ice statue (IceCv)
  2 spectral centaurs (Gauntlet)
  10 elephants
  8 black mambas
  Maurice (D:13)
  5 torpor snails (Lair:6)
  4 merfolk sirens
  3 water nymphs
  Joseph (D:8)
  5 naga magi
  10 spiny frogs
  8 rime drakes
  3 freezing wraiths (IceCv)
  A kobold demonologist (D:12)
  8 komodo dragons
  3 anaconda simulacra (IceCv)
  4 ice devils (IceCv)
  A tengu conjurer (D:15)
  11 merfolk
  3 tyrant leeches (Lair:6)
  9 hornets
  7 trolls
  A spectral meliai (Gauntlet)
  12 blink frogs
  A wind drake (Shoals:1)
  2 wolf spider simulacra (IceCv)
  8 dream sheep
  4 slime creatures (D:12)
  4 snapping turtles
  6 hippogriffs
  3 shadows
  A spriggan (D:7)
  6 water elementals
  2 air elementals
  3 wyverns
  2 fire bats (Gauntlet)
  2 wraiths
  A vampire (D:14)
  A fire elemental (Elf:2)
  33 yaks
  2 basilisks
  4 hungry ghosts
  A steam dragon (Lair:6)
  Menkaure (Ossuary)
  A death yak simulacrum (IceCv)
  5 iron troll simulacra (IceCv)
  5 harpy simulacra (IceCv)
  2 acid dragons
  2 wargs (Orc:2)
  14 nagas
  3 hell hounds (Gauntlet)
  A soldier ant (D:10)
  10 water moccasins
  9 porcupines
  2 hydra simulacra (IceCv)
  2 black bears
  40 orc warriors
  2 swamp drakes (Lair:6)
  An eye of draining (D:14)
  9 ice beasts
  4 sky beasts
  3 phantoms
  An alligator simulacrum (IceCv)
  A hornet zombie (D:15)
  3 necrophages
  16 ogres
  10 wolves
  15 centaurs
  10 crocodiles
  Blork the orc (D:4)
  7 big kobolds
  15 bullfrogs
  An earth elemental (Elf:2)
  A gnoll sergeant (D:7)
  2 wyvern skeletons
  8 scorpions
  7 wights (D:12)
  5 killer bees
  3 electric eels
  11 crimson imps
  A bullfrog zombie (D:11)
  4 draconian simulacra (IceCv)
  8 hounds
  A quasit (D:8)
  4 jellies
  3 centaur skeletons
  17 orc priests
  4 bullfrog skeletons
  23 orc wizards
  7 iguanas
  7 worker ants
  A polar bear simulacrum (IceCv)
  3 troll simulacra (IceCv)
  A spriggan simulacrum (IceCv)
  4 centaur simulacra (IceCv)
  A hound skeleton (D:5)
  3 mummies (Ossuary)
  A worker ant zombie (D:11)
  5 gnolls
  11 adders
  2 naga simulacra (IceCv)
  6 shadow imps
  2 white imps (IceCv)
  3 ufetubi (IceCv)
  2 adder zombies
  5 worms
  3 dart slugs (D:3)
  3 leopard geckos
  86 orcs
  7 bats
  11 giant cockroaches
  A gnoll zombie (Ossuary)
  6 goblins
  6 hobgoblins
  9 jackals
  5 quokkas
  7 frilled lizards
  4 gnoll skeletons (Ossuary)
  5 goblin skeletons (Ossuary)
  4 goblin zombies (Ossuary)
  4 hobgoblin skeletons (Ossuary)
  5 hobgoblin zombies (Ossuary)
  A jackal skeleton (D:5)
  A jackal zombie (D:4)
  33 kobolds
  5 kobold skeletons (Ossuary)
  3 kobold zombies (Ossuary)
  3 orc skeletons (Ossuary)
  7 orc zombies (Ossuary)
  10 rats
  4 rat skeletons (Ossuary)
  4 rat zombies (Ossuary)
  3 plants
1026 creatures vanquished.

Vanquished Creatures (collateral kills)
  A hydra (Lair:1)
  A spiny frog (Lair:1)
2 creatures vanquished.

Vanquished Creatures (others)
  2 deep elf magi (Elf:2)
  An orc wizard (D:4)
  5 white imps (IceCv)
  6 ufetubi (IceCv)
  An orc zombie (Ossuary)
  21 demonic plants (Gauntlet)
  11 fungi
  22 plants
69 creatures vanquished.

Grand Total: 1097 creatures vanquished

Notes
Turn   | Place    | Note
-------+----------+-------------------------------------------
     0 | D:1      | Amplified the Troll Fighter began the quest for the Orb.
     0 | D:1      | Reached XP level 1. HP: 22/22 MP: 0/0
   135 | D:1      | Reached XP level 2. HP: 29/29 MP: 1/1
   727 | D:2      | Reached XP level 3. HP: 36/36 MP: 2/2
   820 | D:2      | Reached skill level 3 in Unarmed Combat
   891 | D:2      | Found a sacrificial altar of Ru.
  1151 | D:2      | Reached XP level 4. HP: 44/44 MP: 3/3
  1506 | D:3      | Noticed an orc warrior
  1942 | D:4      | Identified the +10 dagger of Muog {pain, +Rage rPois Str-4
                  | Stlth+}
  1974 | D:4      | Reached XP level 5. HP: 45/53 MP: 4/4
  1993 | D:4      | Reached skill level 4 in Unarmed Combat
  2182 | D:4      | Noticed Blork the orc
  2197 | D:4      | Killed Blork the orc
  2197 | D:4      | Reached XP level 6. HP: 50/61 MP: 5/5
  2199 | D:4      | Found a shimmering blue altar of Sif Muna.
  2300 | D:4      | Found a sand-covered staircase.
  2316 | Ossuary  | Entered an ossuary
  2574 | Ossuary  | Noticed Menkaure
  2834 | Ossuary  | Killed Menkaure
  2852 | Ossuary  | Reached skill level 5 in Unarmed Combat
  3121 | D:4      | Noticed a hornet
  3125 | D:5      | Entered Level 5 of the Dungeon
  3139 | D:5      | Noticed an ice beast
  3150 | D:5      | Killed an ice beast
  3150 | D:5      | Reached XP level 7. HP: 55/68 MP: 6/6
  3272 | D:5      | Reached skill level 5 in Shields
  3429 | D:4      | Killed a hornet
  3429 | D:4      | Reached skill level 6 in Unarmed Combat
  3429 | D:4      | Reached XP level 8. HP: 18/78 MP: 7/7
  4192 | D:5      | Reached skill level 7 in Unarmed Combat
  4324 | D:5      | Found a staircase to the Ecumenical Temple.
  4350 | Temple   | Entered the Ecumenical Temple
  4402 | Temple   | Became a worshipper of Cheibriados the Contemplative
  4490 | D:5      | Found a hide-covered altar of Uskayaw.
  4491 | D:5      | Found a shattered altar of Ashenzari.
  4504 | D:5      | Found a bloodstained altar of Trog.
  4560 | D:5      | Learned a level 2 spell: Blink
  4779 | D:6      | Found an ornate altar of the Wu Jian Council.
  4843 | D:6      | Found a stormy altar of Qazlal.
  4917 | D:6      | Reached skill level 1 in Invocations
  4917 | D:6      | Reached XP level 9. HP: 84/87 MP: 8/8
  4936 | D:6      | Reached * piety under Cheibriados
  4965 | D:6      | Found a white marble altar of Elyvilon.
  4999 | D:6      | Got a wavering golden ring
  5001 | D:6      | Identified the ring of Riar {+Fly MR+ Int+2} (You found it
                  | on level 6 of the Dungeon)
  5066 | D:6      | Reached skill level 5 in Fighting
  5325 | D:6      | Reached skill level 8 in Unarmed Combat
  5455 | D:7      | Learned a level 3 spell: Mephitic Cloud
  5791 | D:7      | Reached ** piety under Cheibriados
  5848 | D:7      | Found a blossoming altar of Fedhas.
  5868 | D:7      | Noticed an oklob plant
  6357 | D:7      | Reached skill level 9 in Unarmed Combat
  6357 | D:7      | Reached XP level 10. HP: 76/97 MP: 12/12
  6748 | D:8      | Got an ancient rapier
  6749 | D:8      | Identified the cursed +3 rapier "Killer Klown's Doom"
                  | {chaos, +Inv Int-2 Dex+6 SInv} (You found it on level 8 of
                  | the Dungeon)
  7028 | D:8      | Found a staircase to the Lair.
  7074 | D:8      | Noticed Joseph
  7097 | D:8      | Reached *** piety under Cheibriados
  7109 | D:8      | Killed Joseph
  7608 | D:9      | Reached skill level 5 in Invocations
  7869 | D:9      | Found a shimmering altar of Xom.
  7870 | D:9      | Found a hazy altar of Hepliaklqana.
  8203 | D:10     | Entered Level 10 of the Dungeon
  8227 | D:10     | Noticed Sonja
  8244 | D:10     | Killed Sonja
  8405 | D:10     | Reached skill level 10 in Unarmed Combat
  8553 | D:10     | Reached **** piety under Cheibriados
  8580 | D:10     | Found Zipseh's Assorted Antiques.
  8583 | D:10     | Bought a bone wand for 84 gold pieces
  8583 | D:10     | Bought a wand of acid (8) for 168 gold pieces
  8771 | D:10     | Reached XP level 11. HP: 59/106 MP: 14/14
  8980 | D:10     | Reached ***** piety under Cheibriados
  9191 | D:11     | Found a staircase to the Orcish Mines.
  9228 | D:11     | Found a gate leading to a gauntlet.
  9233 | Gauntlet | Entered a Gauntlet
  9233 | Gauntlet | Found a transporter.
  9233 | Gauntlet | Found a transporter.
  9233 | Gauntlet | Noticed a hell hog
  9238 | Gauntlet | Found a transporter.
  9241 | Gauntlet | Found a transporter.
  9250 | Gauntlet | Noticed a death drake
  9251 | Gauntlet | Found a transporter.
  9261 | Gauntlet | Found a transporter.
  9266 | Gauntlet | Found a transporter.
  9272 | Gauntlet | Found a transporter.
  9289 | Gauntlet | Found a transporter.
  9296 | Gauntlet | Noticed a soul eater
  9297 | Gauntlet | Found a transporter.
  9315 | Gauntlet | Found a transporter.
  9394 | Gauntlet | Found a transporter.
  9448 | Gauntlet | Killed a hell hog
  9456 | Gauntlet | Got a heavily runed jade ring
  9464 | Gauntlet | Learned a level 1 spell: Confusing Touch
  9467 | Gauntlet | Identified the ring of Temperance {Fire Int+2} (You found
                  | it in a Gauntlet)
  9486 | Gauntlet | Killed a death drake
  9540 | Gauntlet | Identified the quicksilver dragon scales "Afaiw" {-Cast rC+
                  | MR+ Str+9}
  9540 | Gauntlet | Noticed a minotaur
  9546 | Gauntlet | Killed a minotaur
  9546 | Gauntlet | Reached skill level 11 in Unarmed Combat
  9572 | Gauntlet | Got a faintly glowing robe
  9591 | D:11     | Identified the +2 robe "Tuusazez" {rElec Int+4} (You found
                  | it in a Gauntlet)
 10251 | D:12     | Reached XP level 12. HP: 45/118 MP: 11/16
 10257 | D:12     | Reached skill level 1 in Armour
 10409 | D:12     | HP: 5/118 [wight/+4 falchion (10)]
 10410 | D:12     | HP: 2/118 [wight/+4 falchion (3)]
 10780 | D:12     | Reached XP level 13. HP: 99/124 MP: 18/18
 11031 | Lair:1   | Entered Level 1 of the Lair of Beasts
 11754 | Lair:1   | Identified a scroll of acquirement
 12158 | Lair:2   | Learned a level 6 spell: Iron Shot
 12381 | Lair:2   | Reached skill level 1 in Earth Magic
 12528 | Lair:2   | Reached skill level 1 in Spellcasting
 12536 | Lair:2   | Reached skill level 12 in Unarmed Combat
 13018 | Lair:4   | Found a staircase to the Snake Pit.
 13065 | Lair:4   | Found a staircase to the Shoals.
 13238 | Lair:4   | Reached skill level 1 in Conjurations
 14668 | Lair:6   | Entered Level 6 of the Lair of Beasts
 14916 | Lair:6   | Reached XP level 14. HP: 132/135 MP: 19/19
 15554 | Lair:6   | Reached skill level 5 in Earth Magic
 15554 | Lair:6   | Reached XP level 15. HP: 136/143 MP: 20/20
 15695 | Lair:6   | Found a runed translucent door.
 15820 | Lair:6   | Noticed Snorg
 16193 | Lair:6   | Found a staircase to the Slime Pits.
 16193 | Lair:6   | Found a viscous altar of Jiyva.
 16454 | Lair:6   | Reached skill level 13 in Unarmed Combat
 17208 | Lair:6   | Killed Snorg
 17641 | Lair:3   | Reached skill level 5 in Conjurations
 18486 | Orc:1    | Entered Level 1 of the Orcish Mines
 18652 | Orc:2    | Entered Level 2 of the Orcish Mines
 19281 | D:13     | Noticed Maurice
 19291 | D:13     | Killed Maurice
 19306 | D:13     | Reached skill level 5 in Spellcasting
 19306 | D:13     | Reached XP level 16. HP: 94/153 MP: 22/22
 19686 | D:13     | Reached XP level 17. HP: 153/161 MP: 24/24
 19743 | D:13     | Reached skill level 10 in Invocations
 20081 | D:13     | Noticed Urug
 20097 | D:13     | Killed Urug
 20611 | D:13     | Noticed Rupert
 20624 | D:13     | Killed Rupert
 20796 | D:14     | Learned a level 9 spell: Shatter
 20820 | D:14     | Found a glowing golden altar of the Shining One.
 20842 | D:14     | Reached skill level 14 in Unarmed Combat
 20950 | D:14     | Found a gate to the Vaults.
 21486 | D:14     | Noticed Agnes
 21498 | D:14     | Killed Agnes
 21752 | D:15     | Entered Level 15 of the Dungeon
 21885 | D:15     | Paralysed by an orc sorcerer for 5 turns
 22462 | D:15     | Found a staircase to the Depths.
 22486 | D:15     | HP: 7/163 [two-headed ogre/+0 giant spiked club (12)]
 23650 | Orc:2    | Found a staircase to the Elven Halls.
 23661 | Orc:2    | Found a roughly hewn altar of Beogh.
 23668 | Orc:2    | Found Teit's Antique Armour Shop.
 23703 | Orc:2    | Found Yqa Higu's Book Shop.
 23705 | Orc:2    | Found Xuekul's General Store.
 23737 | Orc:2    | Bought a scroll of enchant armour for 97 gold pieces
 23821 | Orc:2    | Bought a runed scarf for 248 gold pieces
 23899 | Orc:2    | Found Haddemn's Antique Weapon Shop.
 23905 | Orc:2    | Bought an iridescent arbalest for 218 gold pieces
 23905 | Orc:2    | Identified the +11 arbalest "Ofoap" {elec, rElec rC- Dex+2}
                  | (You bought it in a shop on level 2 of the Orcish Mines)
 24229 | Elf:1    | Entered Level 1 of the Elven Halls
 24272 | Elf:1    | Found Ishru Que's Magic Scroll Emporium.
 24278 | Elf:1    | Bought a scroll of teleportation for 57 gold pieces
 24278 | Elf:1    | Bought a scroll of teleportation for 57 gold pieces
 24278 | Elf:1    | Bought a scroll of teleportation for 57 gold pieces
 24341 | Elf:1    | Found Gagohel's Magic Scroll Boutique.
 24372 | Elf:1    | Bought a scroll of magic mapping for 52 gold pieces
 24372 | Elf:1    | Bought a scroll of teleportation for 45 gold pieces
 24372 | Elf:1    | Bought a scroll of blinking for 112 gold pieces
 24372 | Elf:1    | Bought a scroll of teleportation for 45 gold pieces
 24372 | Elf:1    | Bought a scroll of blinking for 112 gold pieces
 24429 | Elf:1    | Found a frozen archway.
 24474 | IceCv    | Entered an ice cave
 25446 | IceCv    | Got a vibrating amber ring
 25453 | IceCv    | Identified Burchic's Reference Book on Twisted Cold
 25478 | IceCv    | Identified the ring of Xulo {Ice +Inv MR- Str+5} (You found
                  | it in an ice cave)
 25721 | Elf:1    | Reached XP level 18. HP: 149/172 MP: 21/27
 25901 | Elf:1    | Identified Zuteddom's Incunabulum of the Escort
 25945 | Elf:1    | Found Motaed's Assorted Antiques.
 25953 | Elf:1    | Bought a scroll labeled NAITON FOASUR for 39 gold pieces
 26015 | Elf:1    | Found Qusasiro's Magic Scroll Boutique.
 26020 | Elf:1    | Bought a scroll of teleportation for 30 gold pieces
 26020 | Elf:1    | Bought a scroll of teleportation for 30 gold pieces
 26020 | Elf:1    | Bought a scroll of teleportation for 30 gold pieces
 26020 | Elf:1    | Bought a scroll of holy word for 75 gold pieces
 26020 | Elf:1    | Bought a scroll of enchant armour for 75 gold pieces
 26021 | Elf:1    | Bought 2 scrolls of magic mapping for 70 gold pieces
 26493 | Elf:2    | Reached skill level 10 in Earth Magic
 26740 | Elf:2    | Found a runed translucent gate.
 26740 | Elf:2    | Found a runed translucent gate.
 26770 | Elf:2    | Found a runed translucent gate.
 26833 | Elf:2    | Reached skill level 15 in Unarmed Combat
 26877 | Elf:2    | HP: 8/174 [something (10)]
 26888 | Elf:2    | Identified the cursed +0 shield "Votrysin" {rElec Regen+}
 26888 | Elf:2    | Noticed Donald
 27071 | Elf:2    | Found Lodetsa's Gadget Boutique.
 27071 | Elf:2    | Found Timemog's Jewellery Shoppe.
 27072 | Elf:2    | Found Botujob's Jewellery Shoppe.
 27093 | Elf:3    | Entered Level 3 of the Elven Halls
 28362 | Snake:1  | Entered Level 1 of the Snake Pit
 28857 | Snake:1  | HP: 3/174 [naga warrior/+0 glaive (33)]
 28857 | Snake:1  | HP: 1/174 [naga warrior/+0 glaive (2)]
 29838 | Shoals:1 | Entered Level 1 of the Shoals
 29999 | Shoals:1 | Reached skill level 10 in Fighting
 30017 | Shoals:1 | Found Casouxot's Weapon Shoppe.
 30097 | Shoals:1 | Noticed Frances
 31032 | Shoals:2 | HP: 8/175 [merfolk/boomerang (12)]
 31273 | Shoals:2 | Found Soow's Book Boutique.
 31308 | Shoals:2 | Learned a level 4 spell: Leda's Liquefaction
 31603 | Shoals:3 | HP: 7/175 [faun/stone[a satyr] (12)]
 31608 | Shoals:3 | HP: 11/262 [sea snake (7)]
 31613 | Shoals:3 | HP: 9/262 [satyr/arrow (6)]
 31622 | Shoals:3 | HP: 6/262 [satyr/arrow (11)]
 31878 | Shoals:4 | Entered Level 4 of the Shoals
 31920 | Shoals:4 | Reached XP level 19. HP: 160/182 MP: 30/30
 32011 | Shoals:4 | HP: 9/182 [merfolk impaler/+5 demon trident of venom (21)]
 32012 | Shoals:4 | HP: 3/182 [merfolk javelineer/+0 spear (6)]
 32014 | Shoals:4 | Slain by a merfolk javelineer

Levels and vault maps discovered:
D:1:      arrival_zaba_pyramid, layout_basic
D:2:      cheibrodos_old_hovel, layout_loops_cross,
          nicolae_overflow_crystal_walls, chequers_serial_rivers_micro_a
D:3:      layout_basic, first_ration, eino_tiny_chamber, kennysheep_donut,
          st_stairs_4
D:4:      layout_basic, enter_ossuary_3, minmay_strange_pillars, tgw_sif
D:5:      layout_rooms, chequers_temple_overflow_statue_of_worship,
          temple_doors_e, cheibrodos_gnoll_hut
D:6:      layout_basic, kennysheep_little_box, overflow_temple_1_default,
          lemuel_doored_altar
D:7:      minmay_s_stair_smasher, layout_loops_ring, the_bakery, tgw_fedhas
D:8:      layout_loops_corners, lair_entry_dummy, minivault_4, uniq_joseph
D:9:      layout_long_grid, regret_index_temple_of_mockery
D:10:     layout_basic, serial_shops, nicolae_shop_behind_doors,
          minmay_quadrilaterals, uniq_sonja
D:11:     layout_basic, orc_david_3, gauntlet_entry_generic
D:12:     layout_basic, minmay_strange_pillars, minmay_misc_feat_alley
D:13:     argonaut_augean_stables, layout_stronghold,
          minmay_hollow_rounded_squares, uniq_rupert, uniq_maurice, uniq_urug
D:14:     layout_loops_ring, david_vaults_1, tso_metal_star, uniq_agnes
D:15:     grunt_enter_depths_magical_seal, layout_long_grid,
          chequers_mini_garden, roderic_cross_of_infinity, corner_web_ring,
          grunt_ministairs_9
Temple:   cyrus_circular_temple
Lair:1:   wad_woods_pond, layout_regular_city
Lair:2:   statuecave_lemuel, layout_long_grid
Lair:3:   layout_loops_ring, lemuel_fruit_fields, minmay_lair_oklob_chamber
Lair:4:   layout_regular_city, minmay_shoals_entry_lonely_mermaid,
          minmay_snake_entry_guardpost_small, st_stairs_10
Lair:5:   layout_roguey
Lair:6:   wormcave, layout_layer_cave, guppyfry_lair_end_dragon, slime_altar_1,
          uniq_snorg
Shoals:1: layout_shoals, nicolae_shoals_c_island, uniq_frances
Shoals:2: layout_shoals, serial_shops, shop
Shoals:3: layout_shoals
Shoals:4: shoals_end_hangedman, layout_shoals, gammafunk_ghost_cemetery
Snake:1:  layout_rooms, hangedman_snake_pattern, st_stairs_6
Snake:2:  layout_layer_cave, drop_trap, st_stairs_7
Orc:1:    layout_diamond_mine
Orc:2:    grunt_orc_cross, layout_caves, special_room
Elf:1:    layout_loops_corners, serial_shops, shop, nicolae_shop_waterfront,
          nicolae_shop_waterfront, nicolae_shop_competitors_out_of_business,
          portal_ice_cave_entry_pillars_1, minmay_elf_demonology, minivault_16,
          drop_trap
Elf:2:    layout_gridlike, minmay_shop_grove, uniq_donald
Elf:3:    minmay_elf_hall_not_hex, layout_onion_city

Skill      XL: |  1  2  3  4  5  6  7  8  9 10 11 12 13 14 15 16 17 18 |
---------------+-------------------------------------------------------+-----
Shields        | 3 4 5 6 7 8 9 |  9.5
Unarmed Combat | 3 4 5 6 7 9 10 11 12 13 14 15 | 15.4
Fighting       | 3 4 5 6 7 8 9 10 | 10.2
Invocations    | 1 4 6 7 8 9 10 | 10.2
Stealth        | 4 |  4.9
Armour         | 2 3 |  3.4
Earth Magic    | 4 5 7 9 11 | 11.3
Spellcasting   | 2 4 5 6 8 |  8.0
Conjurations   | 2 4 5 6 7 9 |  9.3
Dodging        | 3 |  3.7

Action                   |  1- 3 |  4- 6 |  7- 9 | 10-12 | 13-15 | 16-18 | 19-21 || total
-------------------------+-------+-------+-------+-------+-------+-------+-------++-------
Melee: Unarmed           |   121 |    88 |       |       |   556 |  1262 |    23 ||  2050
       Dagger            |       |   140 |   393 |   549 |   169 |       |       ||  1251
       Eveningstar       |       |       |       |       |       |    13 |       ||    13
Throw: Dart              |       |    14 |       |     7 |     7 |    16 |       ||    44
       Throwing net      |       |       |       |     3 |     1 |       |       ||     4
 Cast: Confusing Touch   |       |       |       |       |    24 |    43 |     2 ||    69
       Blink             |       |       |       |       |       |     4 |       ||     4
       Leda's Liquefacti |       |       |       |       |       |     2 |       ||     2
Invok: Slouch            |       |       |       |     7 |    12 |    26 |       ||    45
       Temporal Distorti |       |       |       |       |     5 |     6 |       ||    11
       Bend Time         |       |       |       |       |     1 |     4 |       ||     5
Evoke: Wand              |       |       |     9 |    18 |    20 |    28 |       ||    75
       Phantom mirror    |       |       |       |       |     2 |       |       ||     2
       Lightning rod     |       |       |       |       |     1 |     2 |       ||     3
       Lamp of fire      |       |       |       |       |       |     5 |       ||     5
  Use: Scroll            |     1 |     8 |     8 |    10 |    12 |    29 |     1 ||    69
       Potion            |       |     7 |     3 |    12 |     9 |    14 |       ||    45
 Stab: Sleeping          |     2 |     1 |    10 |     6 |    14 |    21 |       ||    54
       Invisible         |       |       |     1 |       |     1 |    10 |       ||    12
       Confused          |       |       |     2 |     1 |     8 |    24 |     1 ||    36
       Paralysed         |       |       |     5 |       |     3 |       |       ||     8
       Distracted        |       |       |       |     1 |     1 |     2 |       ||     4
       Held in net/web   |       |       |       |       |     3 |       |       ||     3
  Eat: Chunk             |    10 |    13 |    31 |    46 |    50 |    71 |       ||   221
       Ration            |       |     1 |     1 |       |       |     4 |       ||     6
Armor: Robe              |    46 |    55 |    62 |   108 |   117 |   225 |     8 ||   621
       Quicksilver drago |       |       |       |     2 |       |       |       ||     2
       Skin              |       |       |       |       |       |    15 |       ||    15
Dodge: Dodged            |    27 |    61 |   116 |   187 |   219 |   517 |    15 ||  1142
Block: Shield            |    46 |    78 |   202 |   498 |   628 |   982 |    11 ||  2445
